 Dungeon Crawl Stone Soup version 0.31-a0-931-g7b59d4eb97 (webtiles) character file.

Game seed: 7381093224743803260

334 Ekaitz the Firebug (level 6, -2/43 (44) HPs)
             Began as a Demonspawn Fire Elementalist on Oct 19, 2023.
             Slain by a wight
             ... wielding a +4 spear of freezing
              (12 damage)
             ... on level 4 of the Dungeon.
             The game lasted 00:09:18 (3464 turns).

Ekaitz the Firebug (Demonspawn Fire Elementalist)   Turns: 3464, Time: 00:09:19

HP:   -2/43 (44)    AC:  4    Str:  9    XL:     6   Next: 27%
MP:   0/10          EV: 12    Int: 18    God:
Gold: 169           SH:  4    Dex: 13    Spells: 1/10 levels left

rFire   . . .        u - +2 mace of the Cursing Firefly {venom, Stlth+}
rCold   . . .        (no shield)
rNeg    . . .        a - +0 robe
rPois   .            i - +0 helmet
rElec   .            (no cloak)
rCorr   .            (no gloves)
SInv    .            e - +0 pair of boots
Will    .....        (no amulet)
Stlth   +++          (no ring)
HPRegen 0.27/turn    (no ring)
MPRegen 0.12/turn

%: no passive effects
@: lightly drained
A: claws 2, condensation shield
a: no special abilities


You were on level 4 of the Dungeon.
You visited 1 branch of the dungeon, and saw 4 of its levels.

You collected 169 gold pieces.

Inventory:

Hand Weapons
 h - a +2 dagger of speed
 s - a +0 hand axe of flaming
 u - the +2 mace of the Cursing Firefly (weapon) {venom, Stlth+}
   (You found it on level 3 of the Dungeon)

   Stlth+:    It makes you more stealthy.
Missiles
 f - 18 poisoned darts
 g - 3 atropa-tipped darts
Armour
 a - a +0 robe (worn)
 e - a +0 pair of boots (worn)
 i - a +0 helmet (worn)
Talismans
 l - a storm talisman
Scrolls
 c - 2 scrolls of enchant armour {unknown}
 m - 3 scrolls of identify {unknown}
 n - 2 scrolls of noise {unknown}
 o - 2 scrolls of immolation {unknown}
 r - 2 scrolls of teleportation {unknown}
 v - a scroll of acquirement {unknown}
Potions
 b - a potion of magic
 d - 3 potions of brilliance {unknown}
 j - a potion of mutation {unknown}
 k - a potion of degeneration {unknown}
 p - 4 potions of heal wounds {unknown}
 q - a potion of ambrosia {unknown}
 t - 2 potions of resistance {unknown}


   Skills:
 * Level 2.2 Fighting
 + Level 1.0 Short Blades
 + Level 0.9 Maces & Flails
 + Level 2.4 Dodging
 + Level 2.9 Stealth
 + Level 0.2 Shields
 + Level 2.7 Spellcasting
 + Level 1.6 Conjurations
 * Level 4.3 Fire Magic


You had one spell level left.
You knew the following spells:

 Your Spells              Type           Power      Damage    Failure   Level
a - Foxfire               Conj/Fire      52%        2x1d6     4%          1
b - Scorch                Fire           34%        2d6       4%          2
c - Volatile Blastmotes   Fire/Tloc      20%        2d11      22%         3
i - Inner Flame           Hex/Fire       10%        N/A       22%         3

Your spell library contained the following spells:

 Spells                   Type           Power      Damage    Failure   Level
 Ensorcelled Hibernation  Hex/Ice        4%         N/A       26%         2
 Jinxbite                 Hex            4%         N/A       26%         2
 Call Canine Familiar     Summ           2%         N/A       45%         3
 Sigil of Binding         Hex            2%         N/A       45%         3
 Flame Wave               Conj/Fire      13%        2d6       45%         4
 Anguish                  Hex/Necr       1%         N/A       86%         4
 Dimensional Bullseye     Hex/Tloc       1%         N/A       86%         4
 Leda's Liquefaction      Hex/Erth       1%         N/A       86%         4


Dungeon Overview and Level Annotations

Branches:
Dungeon (4/15)
 Temple: D:4-7

Altars:
Makhleb

Shops:
D:1 !   D:4 (


Innate Abilities, Weirdness & Mutations

You have very sharp fingernails.
A meltable shield of frost defends you. (SH +4)


Message History

The wight is heavily damaged.
The wight hits you from afar with a +0 spear.
You feel drained.
Casting: Scorch (safe; 4% risk of failure)
Confirm with . or Enter, or press ? or * to list all spells.
You conjure some foxfire!
The wight barely misses you.
Casting: Foxfire (safe; 5% risk of failure)
Confirm with . or Enter, or press ? or * to list all spells.
Flames lash the wight.
The wight is burned terribly!
The wight is almost destroyed.
The foxfire hits the wight.
The wight is burned terribly!
You destroy the wight!
Unknown command.
Casting: Scorch (safe; 4% risk of failure)
Confirm with . or Enter, or press ? or * to list all spells.
You conjure some foxfire!
The wight hits you from afar with a +4 spear of freezing.
The wight freezes you.
Unknown command.
Casting: Foxfire (safe; 4% risk of failure)
Confirm with . or Enter, or press ? or * to list all spells.
Flames lash the wight.
The wight is heavily damaged.
The wight's fire resistance burns away.
The foxfire hits the wight but does no damage.
The wight is heavily damaged.
The foxfire hits the wight but does no damage.
The wight is heavily damaged.
The wight hits you from afar with a +4 spear of freezing!
The wight freezes you.
* * * LOW HITPOINT WARNING * * *
The foxfire hits the wight.
The wight is burned terribly!
The wight is almost destroyed.
A wight comes into view. It is wielding a +0 falchion.
The wight moves out of view.
You see here a quokka corpse.
The wight closely misses you.
A wight comes into view. It is wielding a +4 dagger of freezing.
The wight hits you with a +4 spear of freezing!
You die...

## #.# .### #.# ...## #.#
....## ##.## .....##
###.§.#####... ##....#
##...#.......#
###...#####..#...#####...
$##....#.....##†##.z.## .
##...#.######z@z...$#
#...#.# #####z##..
#...#.# ####'##.# .#
##.......# ... .......###
#...
.....[...#########....
.###)###.#...........#
)#(#.#(#.#............


You could see 4 wights.

Vanquished Creatures
  A wight (D:4)
  A hound (D:4)
  An orc priest (D:2)
  An iguana (D:4)
  An orc wizard (D:2)
  Robin (D:3)
  5 adders
  2 worms
  A dart slug (D:3)
  5 orcs
  4 bats
  6 endoplasms
  3 giant cockroaches
  13 goblins
  13 hobgoblins
  7 jackals
  7 quokkas
  4 ball pythons
  6 frilled lizards
  8 kobolds
  15 rats
105 creatures vanquished.

Vanquished Creatures (others)
  187 foxfires
187 creatures vanquished.

Grand Total: 292 creatures vanquished

Notes
Turn   | Place    | Note
-------+----------+-------------------------------------------
     0 | D:1      | Ekaitz the Demonspawn Fire Elementalist began the quest for
                  | the Orb.
     0 | D:1      | Reached XP level 1. HP: 13/13 MP: 3/3
   104 | D:1      | Reached skill level 3 in Fire Magic
   116 | D:1      | Gained mutation: You have sharp fingernails. [demonic
                  | ancestry]
   116 | D:1      | Reached XP level 2. HP: 13/20 MP: 1/5
   332 | D:1      | Learned a level 2 spell: Scorch
   891 | D:1      | Found Wogadeg's Distillery.
   932 | D:1      | Reached XP level 3. HP: 25/25 MP: 4/6
  1145 | D:2      | Reached skill level 1 in Fighting
  1423 | D:2      | Gained mutation: You have very sharp fingernails. [demonic
                  | ancestry]
  1423 | D:2      | Reached XP level 4. HP: 16/32 MP: 1/7
  1861 | D:2      | Gained mutation: A meltable shield of frost defends you.
                  | (SH +4) [demonic ancestry]
  1861 | D:2      | Reached XP level 5. HP: 9/37 MP: 0/8
  2024 | D:2      | Found a faded altar of an unknown god.
  2091 | D:3      | Identified the +2 mace of the Cursing Firefly {venom,
                  | Stlth+}
  2099 | D:3      | Learned a level 3 spell: Volatile Blastmotes
  2375 | D:3      | Reached skill level 1 in Short Blades
  2417 | D:3      | Found a burning altar of Makhleb.
  2736 | D:3      | Noticed Robin
  2739 | D:3      | Reached skill level 4 in Fire Magic
  2775 | D:3      | Killed Robin
  3187 | D:4      | Noticed a +0 bardiche
  3189 | D:4      | Found Plog's Weapon Shop.
  3191 | D:4      | Noticed a +0 rapier
  3230 | D:4      | Learned a level 3 spell: Inner Flame
  3264 | D:4      | Noticed a hornet
  3328 | D:4      | Reached XP level 6. HP: 44/44 MP: 5/9
  3464 | D:4      | Slain by a wight

Illustrated notes

Levels and vault maps discovered:
D:1:      lightli_arrival_chessboard, layout_loops_ring, serial_shops,
          nicolae_shop_real_fake_doors
D:2:      layout_loops_cross, chequers_ecumenical_altar_simple,
          minmay_rat_gold_closets
D:3:      layout_rooms, mainiacjoe_overflow_small_starburst, uniq_robin
D:4:      layout_basic, serial_shops, nicolae_shop_mannequins, minivault_19,
          minmay_misc_feat_tower, lightli_corner_chamber

Skill      XL: |  1  2  3  4  5 |
---------------+----------------+-----
Fire Magic     | 3 4 |  4.3
Stealth        | 2 |  2.9
Dodging        | 2 |  2.4
Fighting       | 1 2 |  2.2
Short Blades   | 1 |  1.0
Maces & Flails | |  0.9
Shields        | |  0.2
Spellcasting   | |  2.7
Conjurations   | |  1.6

Action                     |  1- 3 |  4- 6 || total
---------------------------+-------+-------++-------
  Melee: Falchion          |    10 |       ||    10
         Dagger            |    62 |    46 ||   108
         Mace              |       |    39 ||    39
         Punch             |       |     1 ||     1
   Cast: Foxfire           |    43 |    73 ||   116
         Scorch            |     4 |     8 ||    12
   Stab: Sleeping          |     3 |     9 ||    12
 Armour: Robe              |    36 |    59 ||    95
  Dodge: Dodged            |    58 |    73 ||   131
  Block: Other             |       |    20 ||    20

Table legend: (Time is in decaauts)
 A = Elapsed time spent in this place.
 B = Non-inter-level travel time spent in this place.
 C = Inter-level travel time spent in this place.
 D = Time resting spent in this place.
 E = Time spent auto-exploring this place.
 F = Levels seen in this place.
 G = Mean time per level.
                   A        B        C        D        E       F      G
               +--------+--------+--------+--------+--------+-----+--------+
         Total |   3442 |   3355 |     87 |      0 |   2462 |   4 |  860.5 |
       Dungeon |   3442 |   3355 |     87 |      0 |   2462 |   4 |  860.5 |
               +--------+--------+--------+--------+--------+-----+--------+

Top non-repeatable levels by time:
     D:2: 1058 daAuts
     D:1: 977 daAuts
     D:3: 960 daAuts
     D:4: 446 daAuts
